[Event "*** Titled Tuesday Blitz"]
[Site "Chess.com"]
[Date "2020.04.21"]
[Round "1"]
[White "Korchmar_Vasiliy"]
[Black "cottage_cheese"]
[Result "1-0"]
[WhiteElo "2581"]
[BlackElo "2228"]
[TimeControl "180+1"]
[EndTime "10:05:15 PDT"]
[Termination "Korchmar_Vasiliy won by resignation"]

1. d4 d5 2. Nf3 Nf6 3. Bf4 g6 4. e3 Bg7 5. Nbd2 O-O 6. h3 c5 7.
c3 Nc6 8. dxc5 Re8 9. Bb5 Qa5 10.
a4 a6 11. b4 Qd8 12. Be2 Bf5 13. O-O Ne4 14. Nxe4 Bxe4 15. Nd4 e5 16. Nxc6 bxc6 17. Bg3 Qe7 18. Bd3 Bxd3 19. Qxd3 e4 20. Qc2 Ra7 21. Rad1 Qf6 22. c4 Rd8 23. cxd5 cxd5 24. b5 axb5 25. axb5 Ra5 26. b6 Re8 27. b7 Qc6 1-0

[Event "*** Titled Tuesday Blitz"]
[Site "Chess.com"]
[Date "2020.04.21"]
[Round "1"]
[White "KafkaesqueKnight"]
[Black "blobica"]
[Result "0-1"]
[WhiteElo "2140"]
[BlackElo "2535"]
[TimeControl "180+1"]
[EndTime "10:05:15 PDT"]
[Termination "blobica won by resignation"]

1. d4 d5 2. c4 e6 3. Nf3 Nf6 4. Nc3 Be7 5. Bf4 c6 6. e3 Nbd7 7. Rc1 O-O 8. Bd3 h6 9. O-O Nh5 10. Ne5 Nxf4 11. exf4 dxc4 12. Bxc4 Nf6 13. Bb3 Nd5 14.
Qf3 Bd6 15. Nxd5 exd5 16. Bc2 Qf6 17. Qd3 g6 18. Qd2 Re8 19. b4 a6 20. a4 Bf5 21. Bxf5 Qxf5 22. g3 h5 23. Rfe1 Re6 24. Rb1 Rae8 25. b5 axb5 26. axb5 cxb5 27. Rec1 b4 28. Qd3 Rxe5 0-1

[Event "*** Titled Tuesday Blitz"]
[Site "Chess.com"]
[Date "2020.04.21"]
[Round "1"]
[White "Caracternin123"]
[Black "bupunsu01"]
[Result "1-0"]
[WhiteElo "2624"]
[BlackElo "2297"]
[TimeControl "180+1"]
[EndTime "10:05:17 PDT"]
[Termination "Caracternin123 won by resignation"]

1. d4 Nf6 2. Nf3 g6 3. Bg5 Bg7 4. Nbd2 h6 5. Bh4 O-O 6. c3 d6 7. e4 b6 8. Bc4 Bb7 9. Qe2 d5 10. exd5 Bxd5 11. O-O Bxc4 12. Nxc4 Nd5 13. Rfe1 Nc6 14.
Rad1 Re8 15. Nce5 Nxe5 16. dxe5 g5 17. Bg3 b5 18. Qxb5 e6 19. c4 c6 20. Qxc6 Rc8 21. Qb5 Qb6 22. Qxb6 Nxb6 23. b3 1-0

[Event "*** Titled Tuesday Blitz"]
[Site "Chess.com"]
[Date "2020.04.21"]
[Round "1"]
[White "GM_RobertoMogranzini"]
[Black "Zaven_ChessMood"]
[Result "0-1"]
[WhiteElo "2469"]
[BlackElo "2968"]
[TimeControl "180+1"]
[EndTime "10:05:18 PDT"]
[Termination "Zaven_ChessMood won by resignation"]

1. Nf3 d5 2. b3 c5 3. e3 Nf6 4. Bb2 Bg4 5. h3 Bh5 6. d3 Nc6 7. g4 Bg6 8. Nh4 e6 9. Bg2 Bd6 10. Nd2 a5 11. a4 Be5 12. Qc1 Bxb2 13. Qxb2 Nb4 14. Nxg6 hxg6 15. g5 Nh5 16. h4 Qc7 17.
Rc1 f6 18. Nf3 O-O 19. Ke2 Rae8 20. c3 Nc6 21. d4 Qb6 22. Qc2 f5 23. Rhd1 Rc8 24.
Kf1 Kh7 25. Kg1 cxd4 26. exd4 Nf4 27. Re1 Nb4 28. Qd2 Nbd3 29. Rb1 Nxe1 30. Qxe1 Nxg2 31. Kxg2 f4 32. Ne5 Rf5 33. Qd2 f3+ 34. Kg3 Rcf8 35. Qe3 Qc7 36. Rc1 Rf4 37. Qd3 Re4 38. Kh2 Rxe5 39. dxe5 Qxe5+ 40. Kg1 Qf4 41. Qd4 Qxc1+ 42. Kh2 Qf4+ 0-1

[Event "*** Titled Tuesday Blitz"]
[Site "Chess.com"]
[Date "2020.04.21"]
[Round "1"]
[White "yavrukurt40"]
[Black "maxip32"]
[Result "1-0"]
[WhiteElo "2792"]
[BlackElo "2414"]
[TimeControl "180+1"]
[EndTime "10:05:20 PDT"]
[Termination "yavrukurt40 won on time"]

1. e4 c5 2. Nf3 d6 3. c3 Nf6 4. h3 g6 5. Bd3 Bg7 6. O-O O-O 7.
Bc2 Nc6 8. d4 cxd4 9. cxd4 d5 10.
e5 Ne4 11. Nbd2 Nxd2 12. Bxd2 Bd7 13. Re1 Qb6 14. Bc3 Rac8 15. Qd2 a5 16. Rad1 Rc7 17. Qf4 Nb4 18. Bb1 a4 19. a3 Nc6 20. Ba2 e6 21. Qh4 h6 22. Rb1 Rfc8 23. Bd2 Ne7 24. g4 Bb5 25.
Bxh6 Bd3 26. Rbd1 Bc2 27. Ng5 Nf5 28. gxf5 Bh8 29. f6 1-0

[Event "*** Titled Tuesday Blitz"]
[Site "Chess.com"]
[Date "2020.04.21"]
[Round "1"]
[White "Boorchess"]
[Black "pgradalski"]
[Result "1-0"]
[WhiteElo "2566"]
[BlackElo "2210"]
[TimeControl "180+1"]
[EndTime "10:05:20 PDT"]
[Termination "Boorchess won on time"]

1. e4 e6 2. d4 d5 3. e5 c5 4. c3 Nc6 5. Nf3 Bd7 6. Bd3 cxd4 7. O-O dxc3 8. Nxc3 Nge7 9. Re1 Ng6 10. g3 a6 11. h4 Bc5 12. h5 Nge7 13. Bf4 h6 14.
Rc1 Ba7 15. Bb1 Rc8 16. Na4 Nb4 17. Rxc8 Qxc8 18. a3 Nbc6 19. Nc3 b5 20. Qd2 Qb7 21. b4 d4 22. Ne4 O-O 23. Bxh6 Nf5 24. Bf4 1-0

[Event "*** Titled Tuesday Blitz"]
[Site "Chess.com"]
[Date "2020.04.21"]
[Round "1"]
[White "hellokostya"]
[Black "WonderChampion"]
[Result "1-0"]
[WhiteElo "2485"]
[BlackElo "1784"]
[TimeControl "180+1"]
[EndTime "10:05:21 PDT"]
[Termination "hellokostya won by checkmate"]

1. d4 d5 2. c4 e6 3. Nf3 c6 4. e3 Nf6 5. Bd3 dxc4 6. Bxc4 b5 7. Be2 Bb7 8. Nc3 Bd6 9. O-O O-O 10. e4 Bc7 11. e5 Nd5 12. Bd3 Re8 13. Ng5 h6 14. Nge4 Nxc3 15. bxc3 Nd7 16. Qg4 Kh8 17. Qh5 Kg8 18.
Bxh6 Nxe5 19. dxe5 Qxd3 20. Qg5 g6 21. Qf6 Bxe5 22.
Qxe5 f6 23. Nxf6+ Kf7 24. Nxe8 Rxe8 25. Qg7# 1-0

[Event "*** Titled Tuesday Blitz"]
[Site "Chess.com"]
[Date "2020.04.21"]
[Round "1"]
[White "joksijoksi"]
[Black "Pultis"]
[Result "0-1"]
[WhiteElo "2388"]
[BlackElo "2741"]
[TimeControl "180+1"]
[EndTime "10:05:22 PDT"]
[Termination "Pultis won by resignation"]

1. e4 c6 2. d4 d5 3. e5 Bf5 4. h4 Qb6 5. c4 dxc4 6. Nc3 h5 7. Bxc4 e6 8. Nge2 Nd7 9. Ng3 Bg6 10.
O-O O-O-O 11. Na4 Qc7 12. Bf4 Be7 13. Rc1 Bxh4 14. b4 Ne7 15. b5 Kb8 16. bxc6 Nxc6 17. Bb5 Ka8 18. Bxc6 bxc6 19. Qe2 Be7 20. Ne4 Nb6 21.
Nxb6+ Qxb6 22. Nd6 Bxd6 23. exd6 Qxd4 24. Rfd1 Qxf4 25.
Qa6 Rxd6 26. Rxc6 Rxd1+ 0-1

[Event "*** Titled Tuesday Blitz"]
[Site "Chess.com"]
[Date "2020.04.21"]
[Round "1"]
[White "SaguriGuerra"]
[Black "Juanovic"]
[Result "1-0"]
[WhiteElo "2524"]
[BlackElo "2123"]
[TimeControl "180+1"]
[EndTime "10:05:23 PDT"]
[Termination "SaguriGuerra won by checkmate"]

1. e4 c5 2. Nf3 Nc6 3. d4 cxd4 4.
Nxd4 g6 5. c4 Nf6 6. Nc3 Bg7 7.
Be3 O-O 8. Be2 d6 9. O-O Bd7 10. h3 Nxd4 11. Bxd4 Bc6 12. Qc2 a6 13. Rad1 Qc7 14. c5 dxc5 15. Bxc5 Nxe4 16. Nxe4 Bxe4 17. Qxe4 Qxc5 18. Qxb7 Rab8 19. Qxa6 Rxb2 20. Rb1 Qc2 21. Rxb2 Qxb2 22. Bf3 Bd4 23. a4 e5 24. Qc4 Kg7 25.
a5 Qa3 26. a6 Rb8 27. Bd5 Qe7 28. Re1 Qa7 29. Re2 Rb6 30. Bb7 Rf6 31. Qc2 h5 32. g3 Rxa6 33. Bxa6 Qxa6 34. Kg2 Qf6 35. Qe4 Qd6 36.
Rc2 f5 37. Qb7+ Kh6 38. Rc8 Qf6 39. h4 f4 40. Rc6 f3+ 41. Kh2 Qg7 42. Rc7 Qf8 43.
Rh7# 1-0

[Event "*** Titled Tuesday Blitz"]
[Site "Chess.com"]
[Date "2020.04.21"]
[Round "1"]
[White "AnonymusDonkey"]
[Black "ChessQueen"]
[Result "0-1"]
[WhiteElo "2395"]
[BlackElo "2761"]
[TimeControl "180+1"]
[EndTime "10:05:26 PDT"]
[Termination "ChessQueen won by resignation"]

1. e4 c5 2. Nf3 Nc6 3. d4 cxd4 4. Nxd4 Nf6 5. Nc3 d6 6. Bc4 e6 7. Be3 a6 8. a4 Qc7 9. Qe2 Be7 10. O-O Bd7 11.
f4 O-O 12. Kh1 Rac8 13. Bd3 Nb4 14. Rad1 e5 15. fxe5 dxe5 16. Nf5 Bxf5 17. Rxf5 Nxd3 18. Rxd3 Rfd8 19. Bg5 Rd4 20. Bxf6 Bxf6 21. Nd5 Qxc2 22. Nxf6+ gxf6 23. Qg4+ Kf8 24. Rdf3 Qd1+ 0-1

[Event "*** Titled Tuesday Blitz"]
[Site "Chess.com"]
[Date "2020.04.21"]
[Round "1"]
[White "Alonmindlin"]
[Black "gusmaster2262"]
[Result "1-0"]
[WhiteElo "2706"]
[BlackElo "2368"]
[TimeControl "180+1"]
[EndTime "10:05:26 PDT"]
[Termination "Alonmindlin won on time"]

1. d4 Nf6 2. c4 g6 3. Nc3 d5 4. cxd5 Nxd5 5. g3 Bg7 6. Bg2 Nb6 7. Nf3 O-O 8. O-O Nc6 9. Bf4 Be6 10. Qc1 Nd5 11. Bh6 Nxc3 12. bxc3 Bc4 13. Bxg7 Kxg7 14.
Re1 Qd6 15. Rb1 Rab8 16. Qb2 e5 17. e3 Rfe8 18. Nd2 Bd3 19. Ne4 Qe7 20. Rbd1 Bxe4 21.
Bxe4 exd4 22. exd4 Qd6 23. c4 Kg8 24. Bd5 Ne7 25.
Bg2 c6 26. c5 Qd7 27. Re5 Nd5 28. Bxd5 cxd5 29. Rde1 Rxe5 30. Rxe5 b6 31. Qb3 Rd8 32. cxb6 1-0

[Event "*** Titled Tuesday Blitz"]
[Site "Chess.com"]
[Date "2020.04.21"]
[Round "1"]
[White "FCChelsea14"]
[Black "DanilNajdin"]
[Result "1-0"]
[WhiteElo "2761"]
[BlackElo "2395"]
[TimeControl "180+1"]
[EndTime "10:05:27 PDT"]
[Termination "FCChelsea14 won by checkmate"]

1. d4 d5 2. Nf3 e6 3. c4 Nf6 4.
g3 dxc4 5. Bg2 Be7 6. O-O Nc6 7. Bg5 O-O 8. e3 Rb8 9. Qc1 b5 10. b3 Na5 11. Nbd2 c5 12. bxc4 bxc4 13. Nxc4 Ba6 14.
Nxa5 Bxf1 15. Nc6 Qb6 16. Nxe7+ Kh8 17. Qxf1 Rbe8 18. Rb1 Qc7 19. Ne5 Rxe7 20. Rb7 Qd6 21. dxc5 Qxc5 22. Bxf6 Rxb7 23. Bxb7 gxf6 24. Nd7 Qc7 25.
Nxf8 Qxb7 26. Qd3 Qb2 27. Qxh7# 1-0

[Event "*** Titled Tuesday Blitz"]
[Site "Chess.com"]
[Date "2020.04.21"]
[Round "1"]
[White "Schachmalanders"]
[Black "Raja3401"]
[Result "0-1"]
[WhiteElo "2356"]
[BlackElo "2694"]
[TimeControl "180+1"]
[EndTime "10:05:27 PDT"]
[Termination "Raja3401 won by resignation"]

1. e4 c5 2. Nc3 d6 3. g3 g6 4. Bg2 Bg7 5. Nge2 Nc6 6. d3 e6 7.
Be3 Nge7 8. Qd2 Rb8 9. Bh6 O-O 10. h4 f6 11. Bxg7 Kxg7 12. O-O-O b5 13. h5 g5 14. h6+ Kh8 15. f4 b4 16. Nb1 g4 17. Rh4 Rg8 18. d4 Ba6 19. f5 Bxe2 20. Qxe2 Nxd4 21. Rxd4 cxd4 22. fxe6 Qa5 23. Qf2 Rg6 24. Qxd4 Qc5 25. Qxc5 dxc5 26. Nd2 Rb6 27. Nc4 Rxe6 28. a3 f5 29.
axb4 cxb4 30. exf5 Nxf5 31. Rh5 Nxg3 32. Rb5 Re1+ 33.
Kd2 Re2+ 34. Kd3 Rxg2 0-1

[Event "*** Titled Tuesday Blitz"]
[Site "Chess.com"]
[Date "2020.04.21"]
[Round "1"]
[White "Vusatiuk_Vladimir"]
[Black "KrolPawel92OnTwitch"]
[Result "0-1"]
[WhiteElo "2351"]
[BlackElo "2680"]
[TimeControl "180+1"]
[EndTime "10:05:27 PDT"]
[Termination "KrolPawel92OnTwitch won by resignation"]

1. e4 c5 2. Nf3 e6 3. g3 Nc6 4. Bg2 Nf6 5. Nc3 Be7 6. O-O d6 7. d3 O-O 8. Nd2 Rb8 9. f4 Qc7 10. g4 b5 11. g5 Nd7 12. Ne2 Bb7 13. a4 a6 14. Qe1 Nd4 15. Nxd4 cxd4 16. Nf3 Qxc2 17.
Nxd4 Qxd3 18. Qe3 Qxe3+ 19. Bxe3 b4 20. f5 e5 21. Nb3 Rfc8 22. Rac1 Bc6 23. a5 Ba4 24.
Nd2 Bb5 25. Rfd1 Nc5 26. Bxc5 dxc5 27. Nc4 Bxg5 28. Nxe5 Bxc1 29. Rxc1 c4 30. f6 gxf6 31. Ng4 Kg7 32. h4 c3 33. bxc3 bxc3 34. h5 h6 35. Ne3 Bd3 36. Bf1 Rb1 37. Rxb1 Bxb1 38. Bxa6 c2 39. Nxc2 Rxc2 0-1

[Event "*** Titled Tuesday Blitz"]
[Site "Chess.com"]
[Date "2020.04.21"]
[Round "1"]
[White "PavlovDanila"]
[Black "patzerplay"]
[Result "1-0"]
[WhiteElo "2752"]
[BlackElo "2382"]
[TimeControl "180+1"]
[EndTime "10:05:28 PDT"]
[Termination "PavlovDanila won by resignation"]

1. e4 c5 2. Nf3 d6 3. d4 cxd4 4. Nxd4 Nf6 5. Nc3 a6 6. Be3 e6 7. f4 b5 8. Qf3 Bb7 9. Bd3 Nbd7 10. O-O Be7 11. a3 O-O 12. g4 Nc5 13. g5 Nfd7 14. Qh5 Nxd3 15. cxd3 Nc5 16. Rad1 g6 17. Qh6 e5 18.
Rf3 f6 19. f5 Qe8 20. Ne6 Nxe6 21. fxe6 fxg5 22. Rh3 1-0

[Event "*** Titled Tuesday Blitz"]
[Site "Chess.com"]
[Date "2020.04.21"]
[Round "1"]
[White "GMAkobianSTL"]
[Black "stasiek18"]
[Result "1-0"]
[WhiteElo "2811"]
[BlackElo "2430"]
[TimeControl "180+1"]
[EndTime "10:05:30 PDT"]
[Termination "GMAkobianSTL won by resignation"]

1. d4 Nf6 2. c4 g6 3. Nc3 d5 4. Bg5 Ne4 5. Bh4 Nxc3 6. bxc3 dxc4 7. e3 Be6 8. Qb1 Nd7 9. Qxb7 c5 10. Nf3 Bg7 11. Qa6 Qb6 12. Bxc4 Bxc4 13. Qxc4 Rc8 14.
O-O O-O 15. Qa4 Qb7 16. Rab1 Nb6 17. Qb5 cxd4 18. cxd4 Rc2 19. a4 Qe4 20. Rfc1 Rfc8 21. Rxc2 Rxc2 22. h3 Bf8 23. Qe8 f6 24. a5 Nd5 25.
Rb8 Rc1+ 26. Kh2 1-0

[Event "*** Titled Tuesday Blitz"]
[Site "Chess.com"]
[Date "2020.04.21"]
[Round "1"]
[White "ItsCheckM8Mate"]
[Black "DanielDardha2005"]
[Result "1-0"]
[WhiteElo "2234"]
[BlackElo "2558"]
[TimeControl "180+1"]
[EndTime "10:05:34 PDT"]
[Termination "ItsCheckM8Mate won by resignation"]

1. e4 c5 2. Nf3 Nc6 3. d4 cxd4 4. Nxd4 Nf6 5. Nc3 e5 6. Ndb5 d6 7. Bg5 a6 8. Na3 b5 9. Nd5 Be7 10. Bxf6 Bxf6 11. c4 b4 12. Nc2 Bg5 13. Be2 O-O 14. O-O a5 15. Qd3 Be6 16. Rad1 Qb8 17. b3 Bd8 18.
Nce3 Bb6 19. Kh1 Bc5 20. f4 exf4 21. Nxf4 Ne5 22. Qd2 a4 23. Nf5 axb3 24. axb3 g6 25. Ne7+ Kg7 26. Nh5+ gxh5 27. Qg5+ Ng6 28. Qf6+ Kh6 29.
Nf5+ Bxf5 30. Rxf5 1-0

[Event "*** Titled Tuesday Blitz"]
[Site "Chess.com"]
[Date "2020.04.21"]
[Round "1"]
[White "ElGasanov"]
[Black "SmirnovAlexandrA"]
[Result "1-0"]
[WhiteElo "2741"]
[BlackElo "2385"]
[TimeControl "180+1"]
[EndTime "10:05:35 PDT"]
[Termination "ElGasanov won by checkmate"]

1. d4 Nf6 2. Nf3 g6 3. Bg5 Bg7 4. e3 O-O 5. Be2 d6 6. c4 c6 7.
Nc3 Bg4 8. O-O Nbd7 9. h3 Bxf3 10.
Bxf3 Qc7 11. Qc2 e5 12. Rfd1 h6 13. Bh4 Rfe8 14. Rac1 Nf8 15. Bg3 Rad8 16. c5 dxc5 17. dxe5 Rxd1+ 18. Rxd1 Nh5 19. Bxh5 gxh5 20. e6 Qe7 21.
exf7+ Qxf7 22. b3 Ng6 23. Ne4 Re7 24. Nd6 Qe6 25. Qxc5 h4 26. Bh2 Rd7 27. Qc2 Bf8 28. Nc4 Rxd1+ 29. Qxd1 Be7 30. Qh5 Kh7 31. Ne5 Nxe5 32.
Bxe5 Qd5 33. Qf5+ Kg8 34. Qg6+ Kf8 35. Bg7+ Kg8 36. Bxh6+ Kh8 37. Qg7# 1-0

[Event "*** Titled Tuesday Blitz"]
[Site "Chess.com"]
[Date "2020.04.21"]
[Round "1"]
[White "MihailNik"]
[Black "XiaoKangZhong"]
[Result "1-0"]
[WhiteElo "2747"]
[BlackElo "2390"]
[TimeControl "180+1"]
[EndTime "10:05:38 PDT"]
[Termination "MihailNik won by resignation"]

1. c4 Nf6 2. g3 e6 3. Bg2 d5 4.
Nf3 Be7 5. O-O O-O 6. b3 dxc4 7. bxc4 c5 8. Bb2 Nc6 9. e3 Qc7 10. Nc3 Rd8 11. Qe2 e5 12. Ne1 Be6 13. d3 Rac8 14.
f4 exf4 15. gxf4 Bg4 16. Qd2 Qd7 17. a3 h6 18. Nd5 Nxd5 19. cxd5 Nb8 20. e4 Bf8 21. f5 Bh5 22. Qf2 f6 23. Bf3 Bf7 24. Ng2 Bd6 25. Ne3 Re8 26. Ng4 Kf8 27. Qh4 Be5 28.
Bxe5 fxe5 29. f6 h5 30. fxg7+ Kxg7 31. Qg5+ Kf8 32. Qh6+ Ke7 33. Nxe5 Rg8+ 34. Kh1 Qe8 35. d6+ Kd8 36. Qf6+ 1-0

[Event "*** Titled Tuesday Blitz"]
[Site "Chess.com"]
[Date "2020.04.21"]
[Round "1"]
[White "MaxVavulin"]
[Black "Karina_Ivanova"]
[Result "1-0"]
[WhiteElo "2577"]
[BlackElo "2216"]
[TimeControl "180+1"]
[EndTime "10:05:39 PDT"]
[Termination "MaxVavulin won by checkmate"]

1. e4 c6 2. d4 d5 3. Nc3 dxe4 4. Nxe4 Bf5 5. Ng3 Bg6 6. Nf3 Nd7 7. Bd3 Bxd3 8.
Qxd3 e6 9. O-O Ngf6 10. b3 Bd6 11. Bb2 O-O 12. c4 a5 13. a3 a4 14. b4 Qc7 15. Rfe1 Rab8 16. Rac1 Rfd8 17. Qc2 Ra8 18. Ne5 Rdc8 19. Qe2 Re8 20. f4 Qb8 21. Qf3 Rc8 22. f5 exf5 23. Nxf5 Bf8 24. d5 cxd5 25. Nxd7 Nxd7 26.
Nh6+ Kh8 27. Qxf7 Nf6 28. Qg8+ Nxg8 29. Nf7# 1-0

[Event "*** Titled Tuesday Blitz"]
[Site "Chess.com"]
[Date "2020.04.21"]
[Round "1"]
[White "canary2016"]
[Black "arminmusovic"]
[Result "1/2-1/2"]
[WhiteElo "1851"]
[BlackElo "2483"]
[TimeControl "180+1"]
[EndTime "10:05:39 PDT"]
[Termination "Game drawn by repetition"]

1. Nf3 a6 2. g3 e6 3. Bg2 d5 4. d4 Nf6 5. O-O c5 6. c4 h6 7.
b3 cxd4 8. Nxd4 Nc6 9. Bb2 Be7 10.
Re1 O-O 11. Nd2 Bb4 12. a3 Nxd4 13. axb4 dxc4 14. bxc4 e5 15. Nf3 Nxf3+ 16. Bxf3 Qc7 17. Qc2 Bh3 18. Rad1 Rac8 19. c5 Rfe8 20. Bg2 Bxg2 21. Kxg2 Qc6+ 22. Kg1 b6 23. Rc1 Ne4 24. f3 Ng5 25.
Red1 e4 26. f4 Nh3+ 27. Kg2 Qe6 28. Rd6 Qg4 29. Qd2 e3 30. Qd4 Qxe2+ 31. Kxh3 Qh5+ 32. Kg2 Qe2+ 33. Kh3 Qh5+ 34. Kg2 Qe2+ 35. Kh3 1/2-1/2

[Event "*** Titled Tuesday Blitz"]
[Site "Chess.com"]
[Date "2020.04.21"]
[Round "1"]
[White "AnastasiaProtopopova"]
[Black "Maybe00"]
[Result "0-1"]
[WhiteElo "2302"]
[BlackElo "2629"]
[TimeControl "180+1"]
[EndTime "10:05:41 PDT"]
[Termination "Maybe00 won on time"]

1. d4 d5 2. c4 c6 3. Nf3 Nf6 4. Nc3 e6 5. Bg5 Nbd7 6. cxd5 exd5 7. Qc2 Be7 8. e3 Nh5 9. h4 Ndf6 10. Ne5 h6 11.
Be2 hxg5 12. hxg5 Ne4 13. Nxe4 dxe4 14. Rxh5 Rxh5 15. Bxh5 g6 16. Nxg6 fxg6 17. Bxg6+ Kf8 18. Qxe4 Qa5+ 19. Kf1 Qxg5 20. Qf3+ Qf6 21. Qxf6+ Bxf6 22. Ke2 Kg7 23. Be4 Be6 24. a3 Rh8 25. b4 Rh4 26. Bf3 Bc4+ 27. Kd2 Rh2 28. Rc1 Bf7 29. a4 a6 30. Rb1 Bg6 31. e4 Bxd4 32. Ke2 Bf7 0-1

[Event "*** Titled Tuesday Blitz"]
[Site "Chess.com"]
[Date "2020.04.21"]
[Round "1"]
[White "Violord"]
[Black "BrizuelaReivis"]
[Result "1-0"]
[WhiteElo "2607"]
[BlackElo "2269"]
[TimeControl "180+1"]
[EndTime "10:05:42 PDT"]
[Termination "Violord won by resignation"]

1. e4 e6 2. d3 d5 3. Qe2 Be7 4. g3 Nf6 5. Bg2 c5 6. e5 Nfd7 7. f4 Nc6 8. Nf3 b5 9. O-O b4 10. Be3 a5 11. Nbd2 Ba6 12. g4 a4 13.
Bf2 a3 14. b3 Qc7 15. h4 h5 16.
gxh5 Rxh5 17. Ng5 g6 18. Qg4 Nd4 19. Rac1 O-O-O 20. Nxf7 Rf8 21. Bxd4 cxd4 22. Ng5 Bxg5 23. hxg5 Nc5 24. Nf3 Qb6 25. Nh4 Rfh8 26. Nxg6 R8h7 27. Nf8 Rh4 28. Qg3 Rh8 29. Ng6 1-0

[Event "*** Titled Tuesday Blitz"]
[Site "Chess.com"]
[Date "2020.04.21"]
[Round "1"]
[White "Alexander_Moskalenko"]
[Black "MateSchmate"]
[Result "1-0"]
[WhiteElo "2901"]
[BlackElo "2457"]
[TimeControl "180+1"]
[EndTime "10:05:44 PDT"]
[Termination "Alexander_Moskalenko won by resignation"]

1. e4 e6 2. d4 d5 3. Nd2 a6 4. Ngf3 Nf6 5. e5 Nfd7 6. Bd3 c5 7. c3 Nc6 8. O-O g5 9. dxc5 g4 10. Nd4 Ncxe5 11. Be2 Bxc5 12. Bxg4 Nxg4 13. Qxg4 Qf6 14. N2b3 Bxd4 15. cxd4 Qg6 16. Qh3 Nf6 17. Re1 Qg4 18. Qxg4 Nxg4 19. Bg5 Rg8 20. Bh4 Bd7 21. Nc5 b6 22.
Nb7 f6 23. Rac1 Ke7 24. Bg3 Rac8 25. Bd6+ Kf7 26. Bc7 Ke7 27. Bxb6 Rxc1 28. Rxc1 Rb8 29. Rc7 Nh6 30. Ba7 Rc8 31. Bc5+ Ke8 32. Nd6+ Kd8 33. Ra7 Rb8 34. b4 Bb5 35. Rxh7 Ng8 36. Rg7 Ne7 37. Nxb5 Nf5 38. Rg8+ 1-0

[Event "*** Titled Tuesday Blitz"]
[Site "Chess.com"]
[Date "2020.04.21"]
[Round "1"]
[White "12teen"]
[Black "mamey78"]
[Result "1-0"]
[WhiteElo "2763"]
[BlackElo "2398"]
[TimeControl "180+1"]
[EndTime "10:05:45 PDT"]
[Termination "12teen won by resignation"]

1. g3 e5 2. Bg2 Nf6 3. d3 d5 4. Nc3 d4 5. Ne4 Be7 6. Nxf6+ Bxf6 7. c4 O-O 8. Nf3 a5 9. O-O Na6 10. a3 Nc5 11. b3 Re8 12. Bb2 c6 13. b4 axb4 14.
axb4 Rxa1 15. Bxa1 Ne6 16. Nd2 Ng5 17. h4 Ne6 18. Qb3 Be7 19. c5 Nc7 20. Nc4 Be6 21. Qc2 f6 22. e3 Nb5 23. Re1 Bd5 24. exd4 Bxg2 25. Kxg2 Nxd4 26. Bxd4 Qxd4 27. Re4 Qd5 28. Ne3 Qd7 29. Qc4+ Kh8 30. d4 Bf8 31. dxe5 fxe5 32. Ng4 Qf5 33. Qe2 1-0

[Event "*** Titled Tuesday Blitz"]
[Site "Chess.com"]
[Date "2020.04.21"]
[Round "1"]
[White "RATNAKARAN"]
[Black "EnergeticHay"]
[Result "1-0"]
[WhiteElo "2570"]
[BlackElo "2215"]
[TimeControl "180+1"]
[EndTime "10:05:45 PDT"]
[Termination "RATNAKARAN won by resignation"]

1. e4 c5 2. Nf3 d6 3. c3 Nf6 4. h3 Nc6 5. Bd3 g6 6. Bc2 a6 7. O-O c4 8. a4 Rb8 9. b3 cxb3 10. Bxb3 Nxe4 11. Re1 Nf6 12. Ng5 e6 13. d4 d5 14. Bf4 Bd6 15. Be5 Bxe5 16. dxe5 Nd7 17. Nf3 O-O 18. Qd2 Kg7 19. Na3 Nc5 20. Bc2 Ne7 21.
Rab1 Bd7 22. Qf4 Ng8 23. Rb4 a5 24. Rb2 Qe8 25. Nb5 Bxb5 26. Rxb5 b6 27. Reb1 Qc6 28. Nd4 Qc7 29. h4 Rb7 30. h5 Qd8 31. Rxc5 bxc5 32.
Nxe6+ fxe6 33. Rxb7+ Kh8 34. hxg6 Ne7 35. Qh6 1-0

[Event "*** Titled Tuesday Blitz"]
[Site "Chess.com"]
[Date "2020.04.21"]
[Round "1"]
[White "Tonychess32"]
[Black "isla88"]
[Result "1-0"]
[WhiteElo "2622"]
[BlackElo "2286"]
[TimeControl "180+1"]
[EndTime "10:05:46 PDT"]
[Termination "Tonychess32 won by resignation"]

1. e4 c5 2. Nf3 Nc6 3. c3 Nf6 4.
Bd3 e5 5. Bc2 d5 6. exd5 Qxd5 7.
Qe2 Bg4 8. d3 Bxf3 9. gxf3 O-O-O 10. Na3 Nh5 11. Be3 Nf4 12. Bxf4 exf4 13. Bb3 Qxd3 14. Qxd3 Rxd3 15. Bxf7 Be7 16. Be6+ Kb8 17. Bf5 Rdd8 18. O-O Ne5 19. Kg2 g6 20. Rae1 Bf6 21. Bc2 Rd2 22. Re4 h5 23. Rxf4 Bg5 24. Re4 Bf6 25. f4 Ng4 26. h3 Nh6 27. Rd1 Rhd8 28. Rxd2 Rxd2 29. Re6 Bh4 30. Rxg6 Rxf2+ 31. Kg1 Nf7 32.
Rg8+ Kc7 33. Rg7 Rxf4 34. Bb3 c4 35. Bxc4 Kb6 36. Rxf7 Re4 37. Rf5 1-0

[Event "*** Titled Tuesday Blitz"]
[Site "Chess.com"]
[Date "2020.04.21"]
[Round "1"]
[White "Bulldog167"]
[Black "Nafania1"]
[Result "1-0"]
[WhiteElo "2764"]
[BlackElo "2398"]
[TimeControl "180+1"]
[EndTime "10:05:47 PDT"]
[Termination "Bulldog167 won by resignation"]

1. d4 Nf6 2. c4 e6 3. Nf3 Bb4+ 4. Nbd2 O-O 5. a3 Be7 6. e4 d6 7. Be2 c5 8. d5 Nbd7 9. O-O Re8 10. Bd3 Ng4 11. Nb1 exd5 12. cxd5 Bf6 13. h3 Nge5 14. Nxe5 Nxe5 15. Bc2 Ng6 16. Nc3 a6 17. a4 Bd4 18.
Kh1 Qh4 19. Qf3 Ne5 20. Qf4 Qxf4 21. Bxf4 Bd7 22. Ne2 Bxb2 23. Rab1 Ba3 24. Rxb7 Rab8 25. Rfb1 Bb4 26. Ra7 Ra8 27. Rxa8 Rxa8 28. Nc1 Rb8 29.
Bxe5 dxe5 30. Nd3 f6 31. Nxc5 Bc8 32. d6 a5 33. d7 Bxd7 34. Nxd7 Rd8 35. Bb3+ Kh8 36.
Rd1 1-0

[Event "*** Titled Tuesday Blitz"]
[Site "Chess.com"]
[Date "2020.04.21"]
[Round "1"]
[White "BIG_Pirate"]
[Black "Kezin_Roman"]
[Result "0-1"]
[WhiteElo "2381"]
[BlackElo "2731"]
[TimeControl "180+1"]
[EndTime "10:05:47 PDT"]
[Termination "Kezin_Roman won on time"]

1. Nf3 d5 2. c4 d4 3. g3 c5 4. Bg2 Nc6 5. e3 Nf6 6. O-O e5 7. exd4 exd4 8. d3 Be7 9. Bg5 O-O 10.
Re1 h6 11. Bxf6 Bxf6 12. Nbd2 Bf5 13. Ne4 Be7 14. Qb3 Qd7 15. Qb5 Nb4 16. Qxd7 Bxd7 17.
Ne5 Bf5 18. Rad1 f6 19. a3 fxe5 20. axb4 cxb4 21. Re2 Bg4 0-1

[Event "*** Titled Tuesday Blitz"]
[Site "Chess.com"]
[Date "2020.04.21"]
[Round "1"]
[White "ToivoK3"]
[Black "Agnes66678"]
[Result "1-0"]
[WhiteElo "2900"]
[BlackElo "2456"]
[TimeControl "180+1"]
[EndTime "10:05:49 PDT"]
[Termination "ToivoK3 won by resignation"]

1. b3 Nf6 2. Bb2 g6 3. Nf3 Bg7 4. e3 O-O 5. d4 d5 6. Be2 b6 7. O-O Bb7 8. c4 Nbd7 9. Nc3 dxc4 10. bxc4 c5 11. d5 Ne8 12. Qd2 Nd6 13. a4 Ba6 14. Nb5 Bxb5 15. axb5 f5 16. Bxg7 Kxg7 17. Ng5 Rf6 18.
Ne6+ Rxe6 19. dxe6 Nf6 20. Rfd1 Qc8 21. Bf3 Rb8 22.
Rxa7 Qxe6 23. Bd5 Nxd5 24. Qxd5 Qxd5 25. Rxd5 Kf6 26. Ra4 Ke6 27. Rd3 Rf8 28. f3 h5 29.
Rc3 g5 30. Ra6 Rb8 31. Kf2 Ke5 32. Ke2 f4 33. Kd3 fxe3 34. Kxe3 Nf5+ 35. Kf2 Nd4 36.
Re3+ Kf6 37. Rea3 Nf5 38. Ra8 Rb7 39. R3a7 Rxa7 40. Rxa7 Nd6 41. Ra4 Ke5 42. Ke3 e6 43. Kd3 Nf5 44. Ra6 g4 45. fxg4 hxg4 46. Rxb6 Nh4 47. Rc6 Nxg2 48. b6 Nf4+ 49. Kd2 1-0